 Dungeon Crawl Stone Soup version 0.30-a0-6-g7c9e10e132 (webtiles) character file.

Game seed: 15519717870307468302

40 Newt the Trooper (level 3, -3/32 HPs)
             Began as a Palentonga Monk on Aug 22, 2022.
             Slain by a gnoll
             ... wielding a +0 whip
              (5 damage)
             ... on level 1 of the Dungeon.
             The game lasted 00:02:10 (1193 turns).

Newt the Trooper (Palentonga Monk)                  Turns: 1193, Time: 00:02:10

Health: -3/32      AC:  4    Str: 18    XL:     3   Next: 30%
Magic:  3/3        EV: 10    Int: 10    God:
Gold:   74         SH:  0    Dex: 12    Spells: 2/2 levels left

rFire   . . .      SeeInvis +    a - +0 falchion
rCold   . . .      Faith    .    (no shield)
rNeg    . . .      Spirit   .    b - +0 robe
rPois   .          Reflect  .    (no helmet)
rElec   .          Harm     .    (no cloak)
rCorr   .          Rampage  .    (no gloves)
Will    .....                    (no barding)
Stlth   ++........               (no amulet)
HPRegen 0.10/turn                (no ring)
MPRegen 0.08/turn                (no ring)

@: no status effects
A: large, rugged brown scales 3, see invisible, deformed body, roll 1, armoured
tail
a: Rolling Charge


You were on level 1 of the Dungeon.
You visited 1 branch of the dungeon, and saw 2 of its levels.

You collected 74 gold pieces.

Inventory:

Hand Weapons
 a - a +0 falchion (weapon)
Armour
 b - a +0 robe (worn)


   Skills:
 + Level 3.9 Fighting
 - Level 3.0 Long Blades
 - Level 2.4 Dodging
 - Level 2.0 Stealth


You had 2 spell levels left.
You didn't know any spells.
Your spell library was empty.

Dungeon Overview and Level Annotations

Branches:
Dungeon (2/15)

Altars:


Innate Abilities, Weirdness & Mutations

You are completely covered in rugged brown scales. (AC +3, +7% HP)
You have supernaturally acute eyesight. (SInv)
Armour fits poorly on your strangely shaped body.
You can roll at nearby foes to attack.
You have a long armoured tail.


Message History

The gnoll hits you from afar with a +0 spear.
You rip the net and break free!
The gnoll hits you from afar with a +0 spear.
The gnoll hits you with a +0 club. The gnoll hits you with a +0 club.
The gnoll closely misses you. The gnoll barely misses you.
You climb upwards.
There is a stone staircase leading down here.
Unknown command.
You closely miss the gnoll.
Your tail-slap misses the gnoll.
The gnoll hits you with a +0 club! The gnoll hits you with a +0 whip.
* * * LOW HITPOINT WARNING * * *
Unknown command.
You closely miss the gnoll. The gnoll hits you with a +0 club.
* * * LOW HITPOINT WARNING * * *
The gnoll hits you with a +0 whip.
* * * LOW HITPOINT WARNING * * *
You have nothing you can fire or use right now.
Unknown command.
You are confused.
You feel invigorated. The gnoll hits you with a +0 club.
* * * LOW HITPOINT WARNING * * *
The gnoll completely misses you.
Unknown command.
The gnoll hits you with a +0 whip.
* * * LOW HITPOINT WARNING * * *
Unknown command.
You barely miss the gnoll. The gnoll hits you but does no damage.
The gnoll hits you with a +0 whip!
* * * LOW HITPOINT WARNING * * *
Unknown command.
You feel less invigorated.
You feel less confused. The gnoll barely misses you.
The gnoll hits you with a +0 whip.
* * * LOW HITPOINT WARNING * * *
Unknown command.
You aren't carrying any scrolls.
You hit the gnoll but do no damage. The gnoll closely misses you.
The gnoll hits you with a +0 whip.
You die...

# #.........# #
#.........# #
###.........# #
#.........>.# #
#####.#.........#
#
#..)).#.........#
#
#.########....###
####.# #.g..#
##....# #.g@.#
...#### #....#
.### ##....# ##
#.....# ##
#.....# .#
#####.....# .##
#.........# ..#
##....###### #.##
##...###


You could see 2 gnolls.

Vanquished Creatures
  A dart slug (D:1)
  3 ball pythons (D:1)
  An endoplasm (D:1)
  A giant cockroach (D:1)
  6 goblins (D:1)
  5 hobgoblins (D:1)
  2 jackals (D:1)
  3 kobolds (D:1)
  5 quokkas (D:1)
  2 bats (D:1)
  A frilled lizard (D:1)
  A rat (D:1)
31 creatures vanquished.

Notes
Turn   | Place    | Note
-------+----------+-------------------------------------------
     0 | D:1      | Newt the Palentonga Monk began the quest for the Orb.
     0 | D:1      | Reached XP level 1. HP: 19/19 MP: 1/1
   239 | D:1      | Reached XP level 2. HP: 20/25 MP: 2/2
   644 | D:1      | Reached XP level 3. HP: 19/32 MP: 3/3
  1191 | D:1      | HP: 1/32 [gnoll/+0 whip (8)]
  1193 | D:1      | Slain by a gnoll

Illustrated notes

Levels and vault maps discovered:
D:1:      scummos_arrival_star, layout_rooms, minmay_cupped
D:2:      layout_basic, serial_park_tiny_pond

Skill      XL: |  1  2 |
---------------+-------+-----
Stealth        | 2 |  2.0
Fighting       | |  3.9
Long Blades    | |  3.0
Dodging        | |  2.4

Action                   || total
-------------------------++-------
Melee: Falchion          ||    86
       Tailslap          ||     9
       Punch             ||     1
 Abil: Rolling Charge    ||     3
  Use: Potion            ||     1
 Stab: Sleeping          ||     1
Armor: Robe              ||    30
Dodge: Dodged            ||    46

Table legend: (Time is in decaauts)
 A = Elapsed time spent in this place.
 B = Non-inter-level travel time spent in this place.
 C = Inter-level travel time spent in this place.
 D = Time resting spent in this place.
 E = Time spent auto-exploring this place.
 F = Levels seen in this place.
 G = Mean time per level.
                   A        B        C        D        E       F      G
               +--------+--------+--------+--------+--------+-----+--------+
         Total |   1206 |   1185 |     21 |    195 |    799 |   2 |  603.0 |
       Dungeon |   1206 |   1185 |     21 |    195 |    799 |   2 |  603.0 |
               +--------+--------+--------+--------+--------+-----+--------+

Top non-repeatable levels by time:
     D:1: 1188 daAuts
     D:2: 17 daAuts
